 Dungeon Crawl Stone Soup version 0.31-a0-881-ge136f0c47a (webtiles) character file.

Game seed: 13344764531544465981

74088 Zappman123 the Severer (level 15, -21/160 HPs)
             Began as a Naga Berserker on Oct 15, 2023.
             Was a High Priest of Trog.
             Killed from afar by a tengu conjurer (27 damage)
             ... with a bolt of lightning
             ... on level 13 of the Dungeon.
             The game lasted 00:48:28 (26338 turns).

Zappman123 the Severer (Naga Berserker)            Turns: 26338, Time: 00:48:28

Health: -21/160    AC: 12    Str: 28    XL:     15   Next: 45%
Magic:  15/15      EV: 10    Int: 10    God:    Trog [*****.]
Gold:   925        SH:  5    Dex: 16    Spells: 14/14 levels left

rFire   + + .        a - +8 battleaxe (elec)
rCold   + . .        (shield currently unavailable)
rNeg    . . .        D - +2 robe {rF+}
rPois   +            p - +1 helmet {Int+3}
rElec   .            e - scarf {rC+ rF+}
rCorr   .            j - +1 pair of gloves
SInv    +            (no barding)
Will    ++...        L - amulet of reflection
Stlth   +            K - +6 ring of dexterity
HPRegen 0.46/turn    x - ring of willpower
MPRegen 0.14/turn

%: reflection
@: very slow
A: AC +5, large, see invisible, deformed body, poison resistance, slowness 2,
spit poison 1, naga tail 2
a: Spit Poison, Renounce Religion, Berserk, Trog's Hand, Brothers in Arms


You were on level 13 of the Dungeon.
You worshipped Trog.
Trog was extremely pleased with you.
You visited 3 branches of the dungeon, and saw 20 of its levels.
You visited 1 bazaar.
You also visited: Bailey.

You collected 2058 gold pieces.
You spent 1133 gold pieces at shops.

Inventory:

Hand Weapons
 a - a +8 battleaxe of electrocution (weapon)
 b - a +6 antimagic war axe
 c - a +0 battleaxe of flaming
Missiles
 i - 23 poisoned darts (quivered)
 I - a curare-tipped dart
Armour
 e - a scarf of resistance (worn)
 j - a +1 pair of gloves (worn)
 p - a +1 helmet of intelligence (worn)
 D - a +2 robe of fire resistance (worn)
Jewellery
 h - a ring of flight
 t - a ring of protection from cold
 u - a ring of protection from fire
 x - a ring of willpower (right hand)
 K - a +6 ring of dexterity (left hand)
 L - an amulet of reflection (around neck)
Wands
 E - a wand of paralysis (15)
 P - a wand of polymorph (5)
 Q - a wand of quicksilver (6)
 X - a wand of roots (30)
 Z - a wand of flame (24)
Scrolls
 g - 4 scrolls of fog
 m - 6 scrolls of vulnerability
 n - 2 scrolls of identify
 o - 4 scrolls of revelation
 q - 8 scrolls of enchant armour
 y - 2 scrolls of brand weapon
 z - 5 scrolls of teleportation
 A - 2 scrolls of fear
 B - a scroll of summoning
 C - a scroll of poison
 N - a scroll of torment
Potions
 d - a potion of mutation
 f - 8 potions of enlightenment
 l - 2 potions of berserk rage
 r - 7 potions of curing
 s - 4 potions of might
 w - 4 potions of haste
 F - 2 potions of ambrosia
 G - 3 potions of heal wounds
 H - 2 potions of invisibility
 J - 2 potions of attraction
Miscellaneous
 M - a condenser vane


   Skills:
 + Level 17.6 Fighting
 - Level 20.0 Axes
 - Level 1.5 Armour
 - Level 1.5 Dodging
 + Level 4.3 Evocations


You had 14 spell levels left.
You didn't know any spells.
Your spell library was empty.

Dungeon Overview and Level Annotations

Branches:
Dungeon (13/15)            Temple (0/1) D:7            Lair (5/5) D:8
  Swamp (0/4) Lair:3       Spider (0/4) Lair:2        Slime (0/5) Lair:4
    Orc (2/2) D:9             Elf (0/3) Orc:2        Bailey (visited)
 Vaults: D:13-14

Altars:
Ashenzari
Cheibriados
Dithmenos
Gozag
Hepliaklqana
Okawaru
Sif Muna
Uskayaw
The Shining One
Lugonu

Shops:
D:1 ![   D:10 *   D:11 =   Orc:1 :   Orc:2 (*[(

Portals:
Abyss: Lair:5
Trove: D:12 (give +5 demon whip)

Annotations:
D:8 exclusion: downstairs
D:10 3 runed translucent doors, Pi314's ghost, novice DsNe
Lair:2 exclusion: 2 downstairs
Lair:3 exclusion: downstairs
Lair:5 exclusion: oklob plant


Innate Abilities, Weirdness & Mutations

Your serpentine skin is tough. (AC +5)
You have supernaturally acute eyesight. (SInv)
Armour fits poorly on your strangely shaped body.
Your system is resistant to poisons. (rPois)
You cover ground very slowly.
You can spit poison.
You can use your snake-like lower body to constrict enemies.


Message History

Trog accepts your kill.
Your ogre misses the tengu conjurer.
Unknown command.
Your ogre completely misses the tengu conjurer.
The tengu conjurer casts a spell.
The tengu conjurer conjures a globe of magical energy!
The slime creature misses you.
Two slime creatures merge to form a large slime creature.
The tengu conjurer barely misses your ogre.
The tengu conjurer pecks your ogre.
The tengu conjurer barely misses your ogre.
A battlesphere comes into view.
Unknown command.
You slash the large slime creature!
The large slime creature is lightly wounded.
You hit the battlesphere.
The tengu conjurer blocks your ogre's attack.
Unknown command.
You hit the large slime creature.
The large slime creature is lightly wounded.
Two slime creatures merge to form a very large slime creature.
The tengu conjurer points at you and mumbles some strange words.
The bolt of lightning hits your ogre!!
Your ogre dies!
Your ogre's corpse disappears in a puff of smoke!
The bolt of lightning hits you!!
* * * LOW HITPOINT WARNING * * *
The bolt of lightning hits you!!
* * * LOW HITPOINT WARNING * * *
The bolt of lightning hits the very large slime creature!!
Unknown command.
You take 45 damage, and have 23/160 hp.
Blink to where?
Press: ? - help, Dir - move target
As you read the scroll of blinking, it crumbles to dust.
The tengu conjurer gestures at you while chanting.
The bolt of lightning hits you!!
* * * LOW HITPOINT WARNING * * *
The bolt of lightning hits you!!
You die...

###########
.........#
....#.#.#######
..##............#
#.##..#.#.#####.#
#.##......#
#.#####..##
#.#####.@# #
#.#.)....# .###.
#.#Q####.#
......###§#.####.#
#..QQ*§.......#
#...##.#.####.#
#... #J#.# #.#
..... J.#.# #.#
...Q..J.....# .#


You could see a tengu conjurer.

Vanquished Creatures
  Gastronok (D:8)
  A vault guard (D:12)
  2 hydras
  2 centaur warriors
  3 two-headed ogres
  2 boulder beetles
  A death knight (D:9)
  2 thrashing horrors (Lair:5)
  A skyshark (Lair:2)
  Pikel (D:8)
  2 orc knights (Orc:2)
  A deep elf zephyrmancer (D:7)
  A wizard (D:12)
  4 orc sorcerers
  A deep elf pyromancer (D:13)
  4 ugly things
  A wolf spider (Lair:2)
  3 cyclopes
  8 elephants
  Joseph (D:9)
  3 black mambas
  3 smoke demons (Lair:5)
  A gargoyle (D:12)
  13 cane toads
  4 rime drakes
  An unseen horror (D:12)
  Maggie (D:8)
  11 komodo dragons
  2 kobold demonologists
  3 polar bears
  A queen bee (D:10)
  4 trolls
  2 large abominations (Lair:5)
  2 hornets
  A raiju (shapeshifter) (Lair:5)
  45 blink frogs
  A jumping spider (shapeshifter) (D:13)
  2 raiju (Lair:5)
  10 small abominations (Lair:5)
  7 dream sheep
  6 slime creatures
  A jumping spider (Lair:2)
  2 shadows (D:9)
  A spriggan (Lair:5)
  2 culicivoras (Lair:2)
  2 ynoxinuls (Lair:5)
  A wyvern (Lair:3)
  A wraith (D:10)
  5 basilisks
  57 yaks
  2 steam dragons
  4 wargs (Orc:2)
  Menkaure (D:7)
  7 vampire mosquitoes
  23 water moccasins
  37 orc warriors
  4 ice beasts
  5 sky beasts
  12 wolves
  5 ogres
  24 centaurs
  2 phantoms
  2 kobold brigands
  Blork the orc (D:5)
  2 scorpions
  11 bullfrogs
  A gnoll sergeant (D:12)
  8 wights
  25 killer bees (D:10)
  2 electric eels
  3 howler monkeys
  3 hounds
  11 orc priests
  2 gnoll boudas
  3 jellies
  3 iguanas
  26 orc wizards
  2 sleepcaps
  Robin (D:4)
  13 gnolls
  10 adders
  5 white imps
  2 worms
  A dart slug (D:2)
  70 orcs
  7 ball pythons
  6 endoplasms
  2 giant cockroaches (D:3)
  27 goblins
  12 hobgoblins
  3 jackals (D:2)
  4 quokkas
  7 bats
  4 frilled lizards (D:3)
  26 kobolds
  13 rats
681 creatures vanquished.

Vanquished Creatures (collateral kills)
  3 hydras
  A smoke demon (Lair:5)
  A slime creature (D:13)
5 creatures vanquished.

Grand Total: 686 creatures vanquished

Notes
Turn   | Place    | Note
-------+----------+-------------------------------------------
     0 | D:1      | Zappman123 the Naga Berserker began the quest for the Orb.
     0 | D:1      | Reached XP level 1. HP: 21/21 MP: 1/1
   140 | D:1      | Found Oruew's Armour Shoppe.
   236 | D:1      | Reached XP level 2. HP: 21/28 MP: 2/2
   644 | D:1      | Found Cerr's Distillery.
   719 | D:1      | Reached skill level 4 in Axes
   847 | D:1      | Reached XP level 3. HP: 30/34 MP: 3/3
  1312 | D:2      | Reached ** piety under Trog
  1839 | D:2      | Reached XP level 4. HP: 39/42 MP: 4/4
  2807 | D:3      | Reached XP level 5. HP: 21/50 MP: 5/5
  3138 | D:3      | Reached *** piety under Trog
  3329 | D:1      | Bought a potion of haste for 100 gold pieces
  3488 | D:4      | Reached skill level 5 in Axes
  3558 | D:4      | Found a hide-covered altar of Uskayaw.
  3558 | D:4      | Found an opulent altar of Gozag.
  3717 | D:4      | Found a shadowy altar of Dithmenos.
  3868 | D:4      | Noticed Robin
  3944 | D:4      | Killed Robin
  4316 | D:4      | Reached XP level 6. HP: 52/58 MP: 6/6
  5175 | D:5      | Entered Level 5 of the Dungeon
  5305 | D:5      | Reached skill level 5 in Fighting
  5305 | D:5      | Reached skill level 6 in Axes
  5453 | D:5      | Reached XP level 7. HP: 67/67 MP: 7/7
  5718 | D:5      | Reached skill level 7 in Axes
  5885 | D:5      | Reached skill level 8 in Axes
  6112 | D:5      | Noticed Blork the orc
  6119 | D:5      | Reached XP level 8. HP: 74/74 MP: 8/8
  6119 | D:5      | Killed Blork the orc
  6717 | D:6      | Reached skill level 9 in Axes
  6910 | D:6      | Reached skill level 10 in Axes
  7296 | D:6      | Identified the +0 scimitar of Esenishro {holy, Str+2}
  7360 | D:6      | Reached XP level 9. HP: 81/81 MP: 9/9
  7580 | D:6      | Reached skill level 11 in Axes
  7893 | D:7      | Noticed Menkaure
  8025 | D:7      | Killed Menkaure
  8269 | D:7      | Reached skill level 12 in Axes
  8413 | D:7      | Noticed a deep elf zephyrmancer
  8418 | D:7      | Killed a deep elf zephyrmancer
  8495 | D:7      | Found a staircase to the Ecumenical Temple.
  8544 | D:7      | Reached skill level 13 in Axes
  8643 | D:7      | Reached XP level 10. HP: 82/88 MP: 10/10
  8737 | D:7      | Reached **** piety under Trog
  8886 | D:8      | Found a flagged portal.
  8905 | Bailey   | Entered a bailey
  9639 | D:8      | Reached skill level 14 in Axes
  9656 | D:8      | Noticed Maggie
  9672 | D:8      | Killed Maggie
  9795 | D:8      | Noticed Pikel
  9803 | D:8      | Killed Pikel
 10287 | D:8      | Noticed Gastronok
 10346 | D:8      | Killed Gastronok
 10347 | D:8      | Reached skill level 10 in Fighting
 10347 | D:8      | Reached XP level 11. HP: 110/110 MP: 11/11
 10571 | D:8      | Found a staircase to the Lair.
 10633 | D:8      | Found a shimmering blue altar of Sif Muna.
 10766 | D:8      | Found a glowing golden altar of the Shining One.
 10774 | D:8      | Found a hazy altar of Hepliaklqana.
 10803 | D:8      | Found a snail-covered altar of Cheibriados.
 11428 | D:9      | Noticed a two-headed ogre
 11437 | D:9      | Killed a two-headed ogre
 11572 | D:9      | Noticed a two-headed ogre
 11582 | D:9      | Killed a two-headed ogre
 11589 | D:9      | Noticed a death knight
 11600 | D:9      | Killed a death knight
 11606 | D:9      | Noticed Joseph
 11613 | D:9      | Killed Joseph
 11700 | D:9      | Found a staircase to the Orcish Mines.
 12068 | D:10     | Entered Level 10 of the Dungeon
 12068 | D:10     | Found a runed translucent gate.
 12068 | D:10     | Found a runed translucent gate.
 12068 | D:10     | Found a runed translucent gate.
 12134 | D:10     | Noticed a two-headed ogre
 12138 | D:10     | Killed a two-headed ogre
 12307 | D:10     | Found Riggidah's Assorted Antiques.
 12532 | D:1      | Bought a potion of might for 40 gold pieces
 12532 | D:1      | Bought a potion of invisibility for 80 gold pieces
 12532 | D:1      | Bought a potion of invisibility for 80 gold pieces
 12532 | D:1      | Bought a potion of might for 40 gold pieces
 12856 | D:10     | Found a broken altar of Ashenzari.
 13081 | D:10     | Reached XP level 12. HP: 59/123 MP: 12/12
 13088 | D:10     | HP: 11/123 [poisoned by a killer bee]
 13568 | D:10     | Noticed Pi314's ghost (novice DsNe)
 13586 | D:11     | Noticed a boulder beetle
 13594 | D:11     | Noticed a sun demon
 13597 | D:11     | Killed a boulder beetle
 14120 | D:11     | Found Jisurali's Jewellery Shoppe.
 14439 | D:11     | Reached skill level 15 in Axes
 14998 | D:11     | Reached ***** piety under Trog
 15807 | D:12     | Received a gift from Trog
 16178 | D:12     | Noticed a vault guard
 16185 | D:12     | Killed a vault guard
 16186 | D:12     | Reached skill level 16 in Axes
 16311 | D:12     | Found a portal to a secret trove of treasure.
 16336 | D:12     | Found a hide-covered altar of Uskayaw.
 16861 | D:13     | Gained mutation: You can use your snake-like lower body to
                  | constrict enemies. [Naga growth]
 16861 | D:13     | Reached XP level 13. HP: 121/135 MP: 13/13
 16904 | D:13     | Noticed a vault guard
 17061 | Lair:1   | Entered Level 1 of the Lair of Beasts
 17114 | Lair:1   | Reached skill level 17 in Axes
 18034 | Lair:2   | Reached skill level 18 in Axes
 18763 | Lair:2   | Found a hole to the Spider Nest.
 19272 | Lair:3   | Reached skill level 19 in Axes
 19560 | Lair:3   | Reached XP level 14. HP: 104/144 MP: 14/14
 19809 | Lair:3   | Found a staircase to the Swamp.
 20624 | Lair:4   | Reached skill level 20 in Axes
 21193 | Lair:4   | Found a staircase to the Slime Pits.
 21782 | Lair:5   | Entered Level 5 of the Lair of Beasts
 21986 | Lair:5   | Reached skill level 15 in Fighting
 22421 | Lair:5   | Found an iron altar of Okawaru.
 23216 | Lair:5   | Reached XP level 15. HP: 61/158 MP: 15/15
 23227 | Lair:5   | Received a gift from Trog
 23524 | Lair:5   | Found a corrupted altar of Lugonu.
 23524 | Lair:5   | Found a one-way gate to the infinite horrors of the Abyss.
 24123 | Orc:1    | Entered Level 1 of the Orcish Mines
 24179 | Orc:1    | Reached skill level 1 in Evocations
 24288 | Orc:1    | Found Etsonn's Book Boutique.
 24374 | Orc:2    | Entered Level 2 of the Orcish Mines
 24411 | Orc:2    | Found a flickering gateway to a bazaar.
 24423 | Bazaar   | Entered a bazaar
 24428 | Bazaar   | Found Waar's Assorted Antiques.
 24451 | Bazaar   | Found Qal Zoac's Antique Weapon Shop.
 24453 | Bazaar   | Found Lulis's Weapon Boutique.
 24467 | Bazaar   | Found Kugazuub's Antique Weapon Emporium.
 24511 | Bazaar   | Bought a scroll of blinking for 217 gold pieces
 24511 | Bazaar   | Bought a scroll of enchant armour for 217 gold pieces
 24734 | Orc:2    | HP: 13/160 [orc warrior/arrow (14)]
 25320 | Orc:2    | Found a staircase to the Elven Halls.
 25332 | Orc:2    | Received a gift from Trog
 25845 | Orc:2    | Found Obiphut's Antique Armour Shoppe.
 25845 | Orc:2    | Found Yluufusk's General Store.
 25847 | Orc:2    | Found Cemuixt's Weapon Boutique.
 25849 | Orc:2    | Found Xiwod's Weapon Emporium.
 25864 | Orc:2    | Bought a scroll of vulnerability for 60 gold pieces
 25864 | Orc:2    | Bought a scroll of enchant armour for 112 gold pieces
 25864 | Orc:2    | Bought a scroll of teleportation for 45 gold pieces
 25864 | Orc:2    | Bought a scroll of summoning for 142 gold pieces
 26338 | D:13     | HP: 6/160 [tengu conjurer/bolt of lightning (20)]
 26338 | D:13     | Killed from afar by a tengu conjurer

Illustrated notes

Levels and vault maps discovered:
D:1:      dpeg_arrival_ternary, layout_basic, serial_shops, shop,
          nicolae_shop_industrial_runoff, grunt_decor_junction
D:2:      layout_loops_ring
D:3:      layout_loops_ring, fountainhead, minmay_fractal_squares_diagonal_5
D:4:      layout_layer_cave, nicolae_dithmenos_shadow_blocks,
          gammafunk_temple_overflow_elements, minmay_misc_feat_alley, uniq_robin
D:5:      layout_cave_pods, mrwooster_statue_mirror, nicolae_hexahallways,
          uniq_blork_the_orc
D:6:      layout_loops_ring, bh_walls_and_bars
D:7:      layout_basic, minmay_temple_entry_slanted, guppyfry_early_elven_hall,
          uniq_menkaure
D:8:      layout_cave_pools, minitemple, lemuel_coloured_pillars_altar,
          hellmonk_lair_entry_icy, enter_bailey_5, uniq_maggie, uniq_gastronok,
          uniq_pikel
D:9:      layout_cave_pods, erik_orc_4, nicolae_houndstooth_variations,
          uniq_joseph
D:10:     layout_rooms, marbit_many_paths, gammafunk_ghost_necromancy,
          special_room [special_room_bee], serial_shops, shop
D:11:     layout_cave_pods, serial_shops, nicolae_shop_trees
D:12:     cheibrodos_wizards_tower, layout_loops_ring, enter_trove_5,
          nicolae_uskayaw_murder_on_the_dancefloor
D:13:     layout_loops_ring, grunt_vaults_entry_fortified, hangedman_aviary
Lair:1:   layout_big_grid
Lair:2:   layout_small_grid, spider_nest_entry_funnel_web,
          cheibrodos_lair_reptile_den
Lair:3:   layout_small_grid, minmay_swamp_entry_swarm, st_stairs_6
Lair:4:   layout_gridlike, slime_entry_1, grunt_megastairs_1,
          serial_bayou_shore_b, infiniplex_staircase_pool
Lair:5:   hellmonk_lair_end_abyssal_woods, layout_big_grid, lemuel_oklob_altar,
          serial_bayou_shore_a
Orc:1:    layout_diamond_mine, serial_shops, nicolae_shop_crystal
Orc:2:    st_orc_rangers, layout_diamond_mine, serial_shops, bzr_firewalk

Skill      XL: |  1  2  3  4  5  6  7  8  9 10 11 12 13 14 15 |
---------------+----------------------------------------------+-----
Axes           | 4 5 6 8 10 13 14 16 19 20 | 20.0
Fighting       | 4 5 10 12 14 16 17 | 17.6
Evocations     | 4 |  4.3
Armour         | |  1.5
Dodging        | |  1.5

Action                     |  1- 3 |  4- 6 |  7- 9 | 10-12 | 13-15 || total
---------------------------+-------+-------+-------+-------+-------++-------
  Melee: Hand axe          |   137 |   210 |   208 |   278 |       ||   833
         Punch             |     2 |       |     2 |       |       ||     4
         Battleaxe         |       |       |       |   253 |   578 ||   831
         Constrict         |       |       |       |       |   135 ||   135
  Throw: Dart              |       |       |    12 |     9 |       ||    21
 Invoke: Trog's Hand       |       |     1 |       |       |     1 ||     2
         Berserk           |       |     2 |     7 |     6 |     2 ||    17
         Brothers in Arms  |       |       |       |     2 |     5 ||     7
Ability: Spit Poison       |     2 |    14 |    12 |    34 |     6 ||    68
  Evoke: Wand              |       |       |    10 |     8 |    14 ||    32
    Use: Scroll            |       |    10 |     2 |    10 |     5 ||    27
         Potion            |       |       |       |     4 |     2 ||     6
   Stab: Sleeping          |     2 |       |     1 |       |       ||     3
         Distracted        |       |       |       |     2 |     1 ||     3
         Paralysed         |       |       |       |     5 |       ||     5
 Armour: Animal skin       |    86 |   168 |   127 |    96 |       ||   477
         Steam dragon scal |       |       |       |   340 |   435 ||   775
         Robe              |       |       |       |       |    31 ||    31
  Dodge: Dodged            |    61 |   111 |    84 |   288 |   232 ||   776
  Block: Other             |       |       |       |       |   119 ||   119
         Reflection        |       |       |       |       |    17 ||    17

Table legend: (Time is in decaauts)
 A = Elapsed time spent in this place.
 B = Non-inter-level travel time spent in this place.
 C = Inter-level travel time spent in this place.
 D = Time resting spent in this place.
 E = Time spent auto-exploring this place.
 F = Levels seen in this place.
 G = Mean time per level.
                   A        B        C        D        E       F      G
               +--------+--------+--------+--------+--------+-----+--------+
         Total |  32382 |  28628 |   3754 |   3989 |  19879 |  22 | 1471.9 |
       Dungeon |  20644 |  17989 |   2655 |   2877 |  12259 |  13 | 1588.0 |
          Lair |   8420 |   7584 |    836 |    667 |   5938 |   5 | 1684.0 |
  Orcish Mines |   2315 |   2052 |    263 |    282 |   1316 |   2 | 1157.5 |
        Bazaar |    144 |    144 |      0 |      0 |     68 |   1 |  144.0 |
        Bailey |    858 |    858 |      0 |    161 |    296 |   1 |  858.0 |
               +--------+--------+--------+--------+--------+-----+--------+

Top non-repeatable levels by time:
  Lair:5: 2483 daAuts
     D:4: 2373 daAuts
     D:9: 2118 daAuts
   Orc:2: 1877 daAuts
  Lair:3: 1876 daAuts
     D:5: 1872 daAuts
    D:11: 1864 daAuts
  Lair:2: 1824 daAuts
     D:6: 1796 daAuts
    D:12: 1740 daAuts
     D:3: 1542 daAuts
     D:1: 1536 daAuts
     D:2: 1500 daAuts
  Lair:4: 1441 daAuts
    D:10: 1285 daAuts
